 Dungeon Crawl Stone Soup version 0.27.0-1-g7a089689b8 (webtiles) character file.

Game seed: 11318341515429717973

14413 Brandom the Cleaver (level 12, -17/105 HPs)
             Began as a Hill Orc Abyssal Knight on Aug 10, 2021.
             Was an Elder of Lugonu.
             Demolished by a large slime creature (30 damage)
             ... on level 12 of the Dungeon.
             The game lasted 00:33:02 (15029 turns).

Brandom the Cleaver (Hill Orc Abyssal Knight)      Turns: 15029, Time: 00:33:03

Health: -17/105    AC: 17    Str: 26    XL:     12   Next: 16%
Magic:  19/19      EV:  8    Int: 12    God:    Lugonu [****..]
Gold:   777        SH: 11    Dex: 12    Spells: 11/11 levels left

rFire    . . .     SeeInvis .   n - +0 war axe
rCold    + . .     Faith    .   j - +0 kite shield
rNeg     . . .     Spirit   .   R - +0 plate armour
rPois    +         Reflect  .   B - +0 helmet
rElec    .         Harm     .   (no cloak)
rCorr    .         Rampage  .   r - +0 pair of gloves
Will     .....                  N - +0 pair of boots
Stlth    ..........             e - amulet of magic regeneration
HPRegen  0.27/turn              h - ring "Adywaom" {rPois rC+ Dex+2 Slay+6}
MPRegen  0.41/turn              o - +6 ring of strength

@: spiked
A: no striking features
a: Renounce Religion, Depart the Abyss, Bend Space, Banish, Corrupt


You were on level 12 of the Dungeon.
You worshipped Lugonu.
Lugonu was greatly pleased with you.
You visited 1 branch of the dungeon, and saw 12 of its levels.
You visited the Abyss 1 time.

You collected 777 gold pieces.

Inventory:

Hand Weapons
 a - a +1 hand axe
 n - a +0 war axe (weapon)
   (You found it on level 8 of the Dungeon)
Missiles
 A - 2 atropa-tipped darts (quivered)
Armour
 b - a +0 leather armour
 f - a +0 scale mail
   (You found it on level 1 of the Dungeon)
 i - a +0 ring mail
   (You found it on level 2 of the Dungeon)
 j - a +0 kite shield (worn)
   (You found it on level 2 of the Dungeon)
 r - a +0 pair of gloves (worn)
   (You found it on level 5 of the Dungeon)
 B - a +0 helmet (worn)
   (You found it on level 2 of the Dungeon)
 I - the +2 ring mail of Xumarodgh {+Inv}
   (You took it off an orc on level 6 of the Dungeon)

   +Inv:      It lets you turn invisible.
 M - a +0 chain mail
   (You found it on level 10 of the Dungeon)
 N - a +0 pair of boots (worn)
   (You found it on level 10 of the Dungeon)
 R - a +0 plate armour (worn)
   (You took it off an orc warrior on level 11 of the Dungeon)
Jewellery
 e - an amulet of magic regeneration (around neck)
   (You found it on level 1 of the Dungeon)
 h - the ring "Adywaom" (left hand) {rPois rC+ Dex+2 Slay+6}
   (You acquired it on level 3 of the Dungeon)

   [ring of protection from cold]

   Dex:       It affects your dexterity (+2).
   Slay:      It affects your accuracy & damage with ranged weapons and melee
   (+6).
   rC:        It protects you from cold.
   rPois:     It protects you from poison.
 k - a +6 ring of intelligence
   (You found it on level 2 of the Dungeon)
 o - a +6 ring of strength (right hand)
   (You found it on level 3 of the Dungeon)
 v - the ring of Egareta {Ice rElec Stlth+}
   (You found it on level 7 of the Dungeon)

   [ring of ice]

   It enhances your ice magic.
   rF:        It makes you vulnerable to fire.
   rC:        It protects you from cold.
   rElec:     It insulates you from electricity.
   Stlth:     It makes you more stealthy.
 w - a ring of fire
   (You found it on level 8 of the Dungeon)
 J - a ring of poison resistance
   (You found it on level 6 of the Dungeon)
 L - a ring of resist corrosion
   (You found it on level 10 of the Dungeon)
 U - the ring of Librocot {rC+ Will+ Int+6 SInv}
   (You found it on level 12 of the Dungeon)

   [ring of intelligence]

   Int:       It affects your intelligence (+6).
   rC:        It protects you from cold.
   SInv:      It lets you see invisible.
   Will:      It increases your willpower.
Wands
 d - a wand of iceblast (30)
   (You found it on level 9 of the Dungeon)
 u - a wand of paralysis (17)
   (You found it on level 9 of the Dungeon)
 x - a wand of acid (6)
   (You found it on level 7 of the Dungeon)
Scrolls
 l - 3 scrolls of identify {@r1}
 m - 4 scrolls of enchant weapon
 s - 2 scrolls of amnesia {unknown}
 y - a scroll of blinking {unknown}
 D - 2 scrolls of immolation {!r}
 E - 2 scrolls of fear {unknown}
 O - a scroll of fog {unknown}
 P - a scroll of torment {unknown}
Potions
 c - 3 potions of curing {@q1}
 g - 2 potions of flight
 p - a potion of berserk rage {unknown}
 q - 2 potions of attraction {!q}
 t - 7 potions of heal wounds {unknown}
 z - 3 potions of might
 C - a potion of resistance {unknown}
 F - a potion of invisibility
 H - a potion of degeneration {unknown}
 K - a potion of lignification {unknown}
 Q - a potion of cancellation {unknown}
 S - 2 potions of haste {@q3}
Miscellaneous
 T - a lightning rod (4/4) {!a}
   (You found it on level 11 of the Dungeon)


   Skills:
 + Level 9.5 Fighting
 * Level 13.3 Axes
 + Level 8.4 Armour
 + Level 6.1 Dodging
 + Level 7.8 Shields
 + Level 10.1 Invocations


You had 11 spell levels left.
You didn't know any spells.
Your spell library contained the following spells:

 Spells                   Type           Power      Damage    Failure   Level
 Sandblast                Erth           0%         2d4       100%        1
 Passwall                 Tmut/Erth      0%         N/A       100%        2
 Slow                     Hex            0%         N/A       100%        2
 Confusing Touch          Hex            0%         N/A       100%        3
 Gell's Gravitas          Tloc           0%         N/A       100%        3
 Lesser Beckoning         Tloc           0%         N/A       100%        3
 Teleport Other           Tloc           0%         N/A       100%        3
 Animate Armour           Summ/Erth      0%         N/A       100%        4
 Leda's Liquefaction      Hex/Erth       0%         N/A       100%        4
 Blade Hands              Tmut           0%         N/A       100%        5
 Bolt of Magma            Conj/Fire/Erth 0%         4d4       100%        5
 Lee's Rapid Deconstruct  Erth           0%         3d5*      100%        5
 Yara's Violent Unravell  Hex/Tmut       0%         3d3       100%        5
 Iron Shot                Conj/Erth      0%         9d1       100%        6
 Statue Form              Tmut/Erth      0%         N/A       100%        6


Dungeon Overview and Level Annotations

Branches:
Dungeon (12/15)            Temple (0/1) D:4            Lair (0/6) D:9
    Orc: D:9-12

Altars:
Ashenzari
Dithmenos
Elyvilon
Fedhas
Gozag
Kikubaaqudgha
Makhleb
Nemelex Xobeh
Qazlal
Ru
Uskayaw
Vehumet
Yredelemnul

Shops:
D:10 (

Annotations:
D:6 2 transporters, DevastatorOne's ghost, novice HOMo
Abyss:1 semitonal's ghost, journeyman HOIE


Message History

No target in view!
No target in view!
No target in view!
You see here a yak corpse.
A slime creature comes into view. 2 slime creatures come into view.
The slime creature quivers. x2
The slime creature completely misses you.
You hit the slime creature. You block the slime creature's attack.
Two slime creatures merge to form a large slime creature.
Your shield and plate armour prevent you from hitting the large slime creature.
You slash the large slime creature!
Two slime creatures merge to form a very large slime creature.
You hit the very large slime creature but do no damage.
You slice the very large slime creature!!
The very large slime creature hits you.
You slash the very large slime creature!
The very large slime creature hits you!!!
You hear a shout!
You hit the very large slime creature but do no damage.
You block the very large slime creature's attack.
You slash the very large slime creature!
You block the very large slime creature's attack.
You slice the very large slime creature!!
A troll comes into view.
A manticore comes into view.
The very large slime creature hits you!!
* * * LOW HITPOINT WARNING * * *
You are too injured to fight recklessly!
You are too injured to fight recklessly!
You are too injured to fight recklessly!
You are too injured to fight recklessly!
You are too injured to fight recklessly!
The manticore flicks its tail.
The volley of spikes hits you!!
The barbed spikes become lodged in your body.
* * * LOW HITPOINT WARNING * * *
Unknown command.
The barbs in your skin will harm you if you move.
Continue?
The barbed spikes dig painfully into your body as you move.
* * * LOW HITPOINT WARNING * * *
The manticore flicks its tail.
The volley of spikes hits you!
The barbed spikes become lodged in your body.
* * * LOW HITPOINT WARNING * * *
You feel better.
A very large slime creature splits.
Unknown command.
Okay, then.
As you read the scroll of summoning, it crumbles to dust.
Wisps of shadow whirl around you... The large slime creature hits you!!
You die...

### #.. #.###
.... .###.#####.#
..
........JJO###..#
.....####@HK..#
.## ##O#.## #K#
.# .# #K# .. #.#
#####K# .# #.#
#....K# # ...
#.##### #.# #.#
#.# #.#


You could see a large slime creature (ally target), a slime creature, a
manticore (ally target), 2 friendly two-headed ogres, a friendly kobold
demonologist (summoned), 2 friendly kobold brigands and 2 friendly kobolds.

Vanquished Creatures
  Erolcha (D:11)
  3 two-headed ogres
  Pikel (D:8)
  A gargoyle (D:7)
  A kobold demonologist (D:11)
  A komodo dragon (D:9)
  A redback zombie (D:7)
  A hellwing (D:7)
  3 trolls
  4 yaks (D:12)
  2 shadows (D:11)
  A vampire (D:10)
  A steam dragon (D:7)
  7 vampire mosquitoes (D:10)
  A basilisk (D:11)
  An acid dragon (D:10)
  7 water moccasins
  2 sky beasts
  5 orc warriors
  A black bear (D:7)
  7 centaurs
  6 ogres
  A lemure (D:8)
  4 bullfrogs
  A gnoll sergeant (D:6)
  10 killer bees
  5 howler monkeys
  6 centaur zombies
  A crimson imp (D:6)
  A jelly (D:4)
  4 centaur skeletons
  7 orc priests
  3 hounds
  3 iguanas
  8 orc wizards
  A killer bee zombie (D:6)
  A hound skeleton (D:5)
  A howler monkey zombie (D:6)
  8 adders
  4 gnolls (D:7)
  4 shadow imps (D:7)
  2 ufetubi
  A worm (D:4)
  5 dart slugs
  27 orcs
  4 bats
  6 endoplasms
  13 goblins
  5 hobgoblins (D:1)
  12 jackals
  2 quokkas (D:1)
  2 ball pythons (D:4)
  A frilled lizard (D:1)
  6 kobolds
  3 rats (D:1)
220 creatures vanquished.

Vanquished Creatures (collateral kills)
  An orc wizard (D:5)
  A jackal (D:5)
2 creatures vanquished.

Vanquished Creatures (others)
  2 orc wizards
  58 fungi (D:9)
  55 plants (D:9)
  9 withered plants (D:7)
124 creatures vanquished.

Grand Total: 346 creatures vanquished

Notes
Turn   | Place    | Note
-------+----------+-------------------------------------------
     0 | Abyss:1  | Brandom the Hill Orc Abyssal Knight began the quest for the
                  | Orb.
     0 | Abyss:1  | Reached XP level 1. HP: 19/19 MP: 2/2
    62 | Abyss:1  | Noticed a raiju
    73 | D:1      | Escaped the Abyss
   229 | D:1      | Reached * piety under Lugonu
   262 | D:1      | Reached skill level 3 in Axes
   350 | D:1      | Reached XP level 2. HP: 24/27 MP: 3/3
   465 | D:1      | Reached skill level 1 in Dodging
   838 | D:1      | Found a faded altar of an unknown god.
   868 | D:1      | Reached XP level 3. HP: 31/33 MP: 5/5
  1895 | D:2      | Found a broken altar of Ashenzari.
  2264 | D:2      | Reached XP level 4. HP: 35/40 MP: 6/6
  2518 | D:2      | Reached skill level 4 in Axes
  2827 | D:3      | Identified a scroll of acquirement
  2828 | D:3      | Acquired the ring "Adywaom" {rPois rC+ Dex+2 Slay+6}
  2912 | D:3      | Reached XP level 5. HP: 34/46 MP: 7/7
  3037 | D:3      | Found a blossoming altar of Fedhas.
  3234 | D:3      | Reached ** piety under Lugonu
  3493 | D:4      | Reached skill level 1 in Shields
  3758 | D:4      | Found a staircase to the Ecumenical Temple.
  3968 | D:4      | Noticed an ogre
  3982 | D:4      | Killed an ogre
  3983 | D:4      | Reached skill level 5 in Axes
  3983 | D:4      | Reached XP level 6. HP: 20/53 MP: 8/8
  4620 | D:5      | Entered Level 5 of the Dungeon
  4638 | D:4      | Reached XP level 7. HP: 48/60 MP: 10/10
  4642 | D:4      | Reached skill level 5 in Fighting
  4678 | D:5      | Reached skill level 6 in Axes
  5099 | D:4      | Reached skill level 5 in Invocations
  5099 | D:4      | Reached XP level 8. HP: 35/68 MP: 11/11
  5574 | D:5      | Found an ancient bone altar of Kikubaaqudgha.
  5583 | D:5      | Reached skill level 7 in Axes
  5786 | D:5      | Found a sparkling altar of Nemelex Xobeh.
  6099 | D:5      | Found a broken altar of Ashenzari.
  6099 | D:5      | Found a sacrificial altar of Ru.
  6100 | D:5      | Found a radiant altar of Vehumet.
  6208 | D:6      | Found a burning altar of Makhleb.
  6248 | D:6      | Found a hide-covered altar of Uskayaw.
  6284 | D:6      | You fall into a shaft and drop 2 floors!
  6315 | D:8      | Reached skill level 8 in Axes
  6756 | D:8      | Reached skill level 5 in Armour
  6756 | D:8      | Reached XP level 9. HP: 45/75 MP: 13/13
  7213 | D:8      | Found a large runed translucent door.
  7214 | D:8      | Found a large runed translucent door.
  7237 | D:8      | Found an opulent altar of Gozag.
  7251 | D:8      | Found a stormy altar of Qazlal.
  7273 | D:8      | Reached *** piety under Lugonu
  7675 | D:9      | Found a white marble altar of Elyvilon.
  7677 | D:9      | Noticed a two-headed ogre
  7688 | D:9      | Killed a two-headed ogre
  7689 | D:9      | Reached skill level 9 in Axes
  8062 | D:9      | Reached skill level 5 in Shields
  8214 | D:9      | Reached skill level 10 in Axes
  8214 | D:9      | Reached XP level 10. HP: 21/86 MP: 10/15
  8235 | D:9      | HP: 4/86 [water moccasin (4)]
  8251 | D:9      | Found a staircase to the Lair.
  9782 | D:7      | Identified the +5 trident "Joimp" {drain, rElec rF+}
  9794 | D:7      | Identified the ring of Egareta {Ice rElec Stlth+}
  9875 | D:6      | Found a transporter.
  9875 | D:6      | Noticed DevastatorOne's ghost (novice HOMo)
  9948 | D:7      | Noticed a gargoyle
  9962 | D:7      | Killed a gargoyle
 10411 | D:7      | Reached skill level 11 in Axes
 10431 | D:7      | Reached skill level 5 in Dodging
 10560 | D:7      | Reached XP level 11. HP: 56/94 MP: 17/17
 11392 | D:6      | Identified the +2 ring mail of Xumarodgh {+Inv}
 11682 | D:6      | Found a transporter.
 11706 | D:6      | Found a basalt altar of Yredelemnul.
 11908 | D:8      | Noticed Pikel
 11920 | D:8      | Killed Pikel
 11921 | D:8      | Reached skill level 12 in Axes
 11998 | D:10     | Entered Level 10 of the Dungeon
 12192 | D:10     | Noticed a two-headed ogre
 12202 | D:10     | Killed a two-headed ogre
 12464 | D:10     | Found a shadowy altar of Dithmenos.
 12628 | D:10     | Noticed a two-headed ogre
 12634 | D:10     | Killed a two-headed ogre
 12634 | D:10     | Reached **** piety under Lugonu
 12946 | D:10     | Found Ycyutupt's Antique Weapon Shop.
 13604 | D:11     | Found a runed translucent gate.
 13629 | D:11     | Found a runed translucent gate.
 13630 | D:11     | Found a runed translucent gate.
 13630 | D:11     | Noticed a purple ugly thing
 13632 | D:11     | Noticed semitonal's ghost (journeyman HOIE)
 13833 | D:11     | Noticed Erolcha
 13849 | D:11     | Killed Erolcha
 14453 | D:11     | Reached skill level 13 in Axes
 14496 | D:11     | Reached XP level 12. HP: 39/104 MP: 19/19
 14502 | D:10     | Banished semitonal's ghost
 14503 | D:10     | Reached skill level 10 in Invocations
 14893 | D:12     | Identified the ring of Librocot {rC+ Will+ Int+6 SInv}
 15027 | D:12     | HP: 1/105 [manticore/volley of spikes (7)]
 15029 | D:12     | Demolished by a large slime creature

Illustrated notes

Levels and vault maps discovered:
D:1:      dpeg_arrival_ternary, layout_basic,
          ebering_ecumenical_altar_sacrificial, minmay_tree_intersection,
          minmay_misc_feat_tiny
D:2:      minmay_kobold_bridge, layout_basic, basic_altar
D:3:      layout_basic, mainiacjoe_overflow_small_starburst,
          minmay_misc_feat_secret_circle, minmay_crystal_water
D:4:      layout_loops_cross, minmay_temple_entry_antechambers,
          hangedman_decor_lopped, hangedman_decor_diamond_cutter,
          mrwooster_statue_mirror
D:5:      layout_cave_pools, kiku_gazebo_pond_becter,
          nemelex_spade_bored_becter, gammafunk_temple_overflow_claw,
          nicolae_ossuary_entry_ruins
D:6:      layout_rooms, makhleb_grotto_becter, mainiacjoe_overflow_swirl,
          gammafunk_ghost_stat_death, st_stairs_4
D:7:      cheibrodos_grave_circle, layout_loops_ring, st_stairs_4,
          feat_on_display
D:8:      layout_basic, jmf_multi_god_temple2, uniq_pikel
D:9:      layout_loops_ring, mainiacjoe_overflow_concentric_impassable,
          due_lair_maze_entry_diamond
D:10:     layout_loops_ring, nicolae_dithmenos_the_darkroom, serial_shops,
          nicolae_shop_overgrown_old_shop
D:11:     layout_irregular_city, gammafunk_ghost_split, uniq_erolcha
D:12:     gammafunk_corrupted_shrine, layout_loops_ring,
          minmay_orc_entry_temple_small

Skill      XL: |  1  2  3  4  5  6  7  8  9 10 11 12 |
---------------+-------------------------------------+-----
Axes           | 3 4 5 6 8 10 11 13 | 13.3
Dodging        | 1 2 3 4 5 6 |  6.1
Fighting       | 4 5 6 7 8 9 |  9.5
Invocations    | 3 4 5 6 7 8 9 10 | 10.1
Armour         | 3 4 5 6 7 8 |  8.4
Shields        | 1 2 4 5 6 7 |  7.8

Action                   |  1- 3 |  4- 6 |  7- 9 | 10-12 || total
-------------------------+-------+-------+-------+-------++-------
Melee: Hand axe          |   111 |    94 |   118 |       ||   323
       War axe           |       |       |    99 |   388 ||   487
Throw: Dart              |       |     3 |     2 |       ||     5
Invok: Depart the Abyss  |     1 |       |       |       ||     1
       Bend Space        |       |     1 |     2 |       ||     3
       Banish            |       |       |     2 |     3 ||     5
  Use: Scroll            |     2 |     4 |     7 |     1 ||    14
       Potion            |       |       |       |     3 ||     3
Armor: Leather armour    |    15 |       |       |       ||    15
       Scale mail        |    17 |    28 |   113 |   104 ||   262
       Ring mail         |     9 |    16 |       |       ||    25
       Chain mail        |       |       |       |    35 ||    35
       Plate armour      |       |       |       |    17 ||    17
Dodge: Dodged            |    61 |    25 |    90 |   170 ||   346
Block: Kite shield       |       |    35 |   139 |   214 ||   388
